 Dungeon Crawl Stone Soup version 0.24.0-28-g17ded55e90 (webtiles) character file.

Game seed: 12158589265785625304, levelgen mode: deterministic

2790 Johnny the Carver (level 9, -7/80 HPs)
             Began as a Troll Berserker on Nov 11, 2019.
             Was an Elder of Trog.
             Mangled by a bullfrog (8 damage)
             ... on level 7 of the Dungeon.
             The game lasted 00:06:49 (5546 turns).

Johnny the Carver (Troll Berserker)                 Turns: 5546, Time: 00:06:50

Health: -7/80      AC:  6    Str: 30    XL:     9   Next: 43%
Magic:  8/8        EV: 12    Int:  3    God:    Trog [****..]
Gold:   375        SH:  0    Dex:  9    Spells: 8/8 levels left

rFire    . . .     SeeInvis .   D - +3 falchion
rCold    . . .     Gourm    +   (no shield)
rNeg     . . .     Faith    .   b - +0 animal skin
rPois    .         Spirit   .   (helmet restricted)
rElec    .         Reflect  .   (no cloak)
rCorr    .         Harm     .   (gloves unavailable)
MR       ++...                  (boots unavailable)
Stlth    +.........             (no amulet)
HPRegen  1.63/turn              (no ring)
MPRegen  0.11/turn              (no ring)

@: lethally poisoned (-7 -> -7), berserk cooldown, flying, regenerating, slowed,
very slow
A: large, unfitting armour, claws 3, fast metabolism 3, gourmand, regeneration
1, shaggy fur 1, tough skin 3
a: Berserk, Trog's Hand, Brothers in Arms, Renounce Religion


You were on level 7 of the Dungeon.
You worshipped Trog.
Trog was greatly pleased with you.
You were very full.

You visited 1 branch of the dungeon, and saw 7 of its levels.
You also visited: Sewer.

You collected 375 gold pieces.

Inventory:

Hand Weapons
 a - a +0 falchion
 q - a +1 dagger of venom
 D - a +3 falchion (weapon)
Missiles
 d - 2 throwing nets (quivered)
Armour
 b - a +0 animal skin (worn)
 A - a +0 cloak
Jewellery
 j - an uncursed amulet of guardian spirit {unknown}
Scrolls
 f - a scroll of amnesia
 h - 3 scrolls of remove curse
 i - 2 scrolls of enchant armour {unknown}
 k - 5 scrolls of identify
 o - 2 scrolls of enchant weapon {unknown}
 s - 4 scrolls of magic mapping
 t - 4 scrolls of fog {unknown}
 v - a scroll of random uselessness {unknown}
 x - 2 scrolls of immolation {unknown}
 y - 3 scrolls of teleportation
 B - a scroll of acquirement {unknown}
 C - a scroll of summoning {unknown}
Potions
 e - a potion of cancellation {unknown}
 g - 2 potions of magic {unknown}
 l - 2 potions of flight
 m - a potion of degeneration {unknown}
 n - 2 potions of mutation {unknown}
 p - a potion of berserk rage {unknown}
 r - a potion of brilliance {unknown}
 u - a potion of haste
 z - a potion of lignification {unknown}
Comestibles
 c - 13 rations
 E - 7 chunks of flesh


   Skills:
 - Level 2.4 Fighting
 * Level 9.3 Long Blades
 + Level 6.7 Dodging


You had 8 spell levels left.
You didn't know any spells.
Your spell library contained the following spells:

 Spells                   Type           Power        Failure   Level  Hunger
 Bolt of Magma            Conj/Fire/Erth #.........   100%        5    ######.
 Iskenderun's Battlesphe  Conj/Chrm      #.......     100%        5    ######.
 Venom Bolt               Conj/Pois      #.........   100%        5    ######.
 Iron Shot                Conj/Erth      #.........   100%        6    #######
 Orb of Destruction       Conj           #.........   100%        7    #######
 Spellforged Servitor     Conj/Summ      #.........   100%        7    #######


Dungeon Overview and Level Annotations

Branches:
Dungeon (7/15)             Temple (0/1) D:4           Sewer (visited)

Altars:
Zin

Annotations:
D:7 1 runed translucent door


Innate Abilities, Weirdness & Mutations

You are too large for most types of armour.
You have claws for hands.
Your metabolism is lightning-fast.
You like to eat raw meat.
Your natural rate of healing is unusually fast.
You are covered in fur. (AC +1)
You have extremely tough skin. (AC +3)


Message History

You feel sick.
You start resting.
Eating one of 8 chunks of flesh.
You eat one of the 8 chunks of flesh.
This raw flesh tastes great.
You feel sick.
A bullfrog comes into view.
A bullfrog is nearby!
A bullfrog is nearby!
You aren't carrying any items that you can evoke.
You aren't carrying any items that you can evoke.
Unknown command.
Your skin crawls.
You feel resistant to hostile enchantments.
You feel sick. The bullfrog hits you.
* * * LOW HITPOINT WARNING * * *
It was a potion of flight.
You feel very buoyant.
You fly up into the air.
You feel sick. The bullfrog hits you!
* * * LOW HITPOINT WARNING * * *
The bullfrog hits you!
You die...

#.. .. .. #.
##.###
##....##
#...F..##
#...@...#
#.....##.....
#......# .##
#........
.........
........##
##.....##
#....#


You could see a bullfrog.

Vanquished Creatures
  Pikel (D:5)
  Sigmund (D:2)
  An orc warrior (D:7)
  An ice beast (D:5)
  A black bear (D:6)
  2 ogres
  A phantom (D:5)
  A crocodile (Sewer)
  A big kobold (D:7)
  3 bullfrogs
  A scorpion (D:7)
  An oklob sapling (D:4)
  A centaur zombie (D:6)
  A howler monkey (D:6)
  5 crimson imps
  A bullfrog zombie (D:6)
  3 hounds
  2 jellies (D:5)
  2 orc wizards (D:7)
  2 bullfrog skeletons
  2 centaur skeletons
  Natasha (thrice) (D:3)
  2 iguanas
  3 worker ants
  4 hound zombies
  A hound skeleton (D:6)
  2 worker ant zombies (D:6)
  19 adders
  2 gnolls (D:5)
  A river rat (D:3)
  A shadow imp (D:7)
  2 oozes
  An adder zombie (D:6)
  2 worms
  3 dart slugs
  4 leopard geckos
  13 orcs
  2 ball pythons
  7 bats
  9 giant cockroaches
  6 goblins
  7 hobgoblins
  9 jackals
  14 kobolds
  4 quokkas
  A ball python skeleton (D:5)
  4 frilled lizards
  A jackal skeleton (D:6)
  4 leopard gecko skeletons
  A leopard gecko zombie (D:6)
  13 rats
  3 plants (D:4)
182 creatures vanquished.

Vanquished Creatures (others)
  2 gnolls (D:5)
  An adder zombie (D:5)
  A worm (D:5)
  A quokka (D:5)
5 creatures vanquished.

Grand Total: 187 creatures vanquished

Notes
Turn   | Place    | Note
-------+----------+-------------------------------------------
     0 | D:1      | Johnny the Troll Berserker began the quest for the Orb.
     0 | D:1      | Reached XP level 1. HP: 22/22 MP: 0/0
   164 | D:1      | Reached XP level 2. HP: 28/29 MP: 1/1
   286 | D:1      | Reached skill level 3 in Long Blades
   560 | D:2      | Reached XP level 3. HP: 36/36 MP: 2/2
   582 | D:2      | Reached ** piety under Trog
   582 | D:2      | Reached XP level 4. HP: 9/44 MP: 3/3
   995 | D:2      | Reached skill level 4 in Long Blades
  1133 | D:2      | Reached XP level 5. HP: 45/50 MP: 4/4
  1339 | D:2      | Noticed Sigmund
  1346 | D:2      | Killed Sigmund
  1346 | D:2      | Reached XP level 6. HP: 59/59 MP: 5/5
  1491 | D:3      | Reached skill level 5 in Long Blades
  1547 | D:3      | Reached *** piety under Trog
  1682 | D:3      | Noticed Natasha
  1699 | D:3      | Killed Natasha
  1705 | D:3      | Noticed Natasha
  1719 | D:3      | Killed Natasha
  1741 | D:3      | Found a glowing drain.
  1759 | Sewer    | Entered a sewer
  1933 | D:3      | Reached XP level 7. HP: 65/66 MP: 6/6
  2317 | D:3      | Noticed Natasha
  2334 | D:3      | Killed Natasha
  2434 | D:4      | Reached skill level 6 in Long Blades
  2869 | D:4      | Found a staircase to the Ecumenical Temple.
  3272 | D:5      | Entered Level 5 of the Dungeon
  3272 | D:5      | Noticed Pikel
  3278 | D:5      | Killed Pikel
  3278 | D:5      | Reached skill level 7 in Long Blades
  3278 | D:5      | Reached skill level 5 in Dodging
  3278 | D:5      | Reached XP level 8. HP: 74/74 MP: 7/7
  3864 | D:5      | Reached skill level 8 in Long Blades
  3988 | D:5      | Reached **** piety under Trog
  4522 | D:6      | Reached XP level 9. HP: 66/80 MP: 8/8
  4844 | D:6      | Found a glowing silver altar of Zin.
  5348 | D:7      | Reached skill level 9 in Long Blades
  5452 | D:7      | Found a runed translucent door.
  5452 | D:7      | Noticed a sixfirhy
  5546 | D:7      | HP: 1/80 [bullfrog (7)]
  5546 | D:7      | Mangled by a bullfrog

Levels and vault maps discovered:
D:1:      mushboom_english_gardens, layout_basic, minmay_rat_gold_closets
D:2:      layout_loops_cross, uniq_sigmund
D:3:      layout_loops_ring, portal_sewer_entry_b, dk_vineyard_2, uniq_natasha
D:4:      layout_loops_ring, minmay_temple_entry_oklob, supply_closet_lemuel,
          lightli_corner_chamber
D:5:      layout_basic, first_ration, uniq_pikel
D:6:      layout_basic, lemuel_crystal_altar, serial_undead, serial_undead_b,
          serial_undead_d, serial_undead_f, serial_undead_a
D:7:      cheibrodos_shockbox, layout_layer_cave

Skill      XL: |  1  2  3  4  5  6  7  8  9 |
---------------+----------------------------+-----
Long Blades    | 3 4 5 7 8 9 |  9.3
Dodging        | 3 4 5 6 |  6.7
Fighting       | |  2.4

Action                   |  1- 3 |  4- 6 |  7- 9 || total
-------------------------+-------+-------+-------++-------
Melee: Falchion          |    76 |   221 |   158 ||   455
       Unarmed           |       |    20 |       ||    20
       Dagger            |       |       |   447 ||   447
Invok: Berserk           |     1 |     3 |     9 ||    13
       Trog's Hand       |       |       |     1 ||     1
  Use: Scroll            |       |       |     4 ||     4
       Potion            |       |       |     3 ||     3
 Stab: Sleeping          |     1 |       |       ||     1
  Eat: Chunk             |     3 |    25 |    42 ||    70
Armor: Animal skin       |    29 |   102 |   153 ||   284
       Skin              |       |     4 |       ||     4
Dodge: Dodged            |    42 |   172 |   339 ||   553
       Rpst.: Falchion   |    12 |    49 |    45 ||   106
